 Dungeon Crawl Stone Soup version 0.21.1-1-g345015f (webtiles) character file.

1132 sking99 the Grappler (level 8, -9/74 HPs)
             Began as a Troll Monk on June 28, 2018.
             Hit by a tomahawk thrown by an orc warrior (18 damage)
             ... on level 6 of the Dungeon.
             The game lasted 00:12:35 (4198 turns).

sking99 the Grappler (Troll Monk)                   Turns: 4198, Time: 00:12:36

Health: -9/74      AC:  5    Str: 21    XL:     8   Next: 13%
Magic:  7/7        EV: 10    Int:  7    God:
Gold:   112        SH:  0    Dex: 14    Spells: 7/7 levels left

rFire    . . .     SeeInvis .     - Unarmed
rCold    + . .     Gourm    +   (no shield)
rNeg     . . .     Faith    .   a - +0 robe
rPois    .         Spirit   .   (helmet restricted)
rElec    .         Reflect  .   (no cloak)
rCorr    .         Harm     .   (gloves unavailable)
MR       .....                  (boots unavailable)
Stlth    ++........             u - amulet of magic regeneration
HPRegen  0.62/turn              n - ring of protection from cold
MPRegen  0.35/turn              e - +2 ring of dexterity

@: no status effects
A: large, unfitting armour, claws 3, fast metabolism 3, gourmand, regeneration
1, shaggy fur 1, tough skin 2
a: no special abilities


You were on level 6 of the Dungeon.
You were full.

You visited 2 branches of the dungeon, and saw 7 of its levels.

You collected 112 gold pieces.

Inventory:

Armour
 a - a +0 robe (worn)
Jewellery
 e - a +2 ring of dexterity (right claw)
 j - an uncursed ring of wizardry
 n - a ring of protection from cold (left claw)
 o - an uncursed ring of magical power
 p - an uncursed ring of ice
 u - an amulet of magic regeneration (around neck)
Wands
 h - a wand of paralysis (15)
 q - a wand of polymorph (12)
 v - a wand of random effects (48)
Scrolls
 c - 2 scrolls of remove curse
 f - 3 scrolls of enchant weapon {unknown}
 l - 3 scrolls of blinking {unknown}
 s - a scroll of magic mapping {unknown}
 w - a scroll of immolation {unknown}
Potions
 d - 3 potions of resistance {unknown}
 g - 4 potions of heal wounds
 i - 3 potions of curing
 k - a potion of invisibility
 m - a potion of agility
 t - a potion of might
 x - a potion of flight {unknown}
Books
 r - a book of Changes

   Spells                             Type                      Level
   a - Beastly Appendage              Transmutation                1
   b - Sticks to Snakes               Transmutation                2
   c - Spider Form                    Transmutation/Poison         3
   d - Ice Form                       Ice/Transmutation            4
   e - Blade Hands                    Transmutation                5
Comestibles
 b - 9 rations


   Skills:
 - Level 2.4 Fighting
 - Level 2.4 Dodging
 - Level 1.0 Stealth
 * Level 10.1 Unarmed Combat


You had 7 spell levels left.
You didn't know any spells.

Dungeon Overview and Level Annotations

Branches:
Dungeon (6/15)             Temple (1/1) D:4

Altars:
Dithmenos
Fedhas
Gozag
Hepliaklqana
Makhleb
Nemelex Xobeh
Okawaru
Qazlal
Ru
Trog
Uskayaw
Vehumet
Xom
Yredelemnul
Zin

Shops:
D:4 *   D:5 =


Innate Abilities, Weirdness & Mutations

You are too large for most types of armour.
You have claws for hands.
Your metabolism is lightning-fast.
You like to eat raw meat.
Your natural rate of healing is unusually fast.
You are covered in fur. (AC +1)
You have very tough skin. (AC +2)


Message History

The orc hits you with a whip.
* * * LOW HITPOINT WARNING * * *
The worm barely misses you. The orc hits you but does no damage.
The orc warrior throws a tomahawk.
The tomahawk hits you!
* * * LOW HITPOINT WARNING * * *
The orc warrior throws a tomahawk.
The tomahawk completely misses you.
You see here a tomahawk.
You mangle the orc!!
You kill the orc!
You start resting.
An orc comes into view. It is wielding a flail.
The orc shouts!
You see here a tomahawk.
The orc warrior shouts!
The orc warrior throws a tomahawk.
The tomahawk hits you!
* * * LOW HITPOINT WARNING * * *
You see here a tomahawk.
The orc warrior throws a tomahawk.
The tomahawk completely misses you.
The orc warrior throws a tomahawk.
The tomahawk hits you!!
You die...

...)........###.###.##
...........(##.##
##.## .......$....#.##
##.# ....#.......##.##
##.##
...#....(..###.###.##
%.....#.ow....##.#.##
###.###.#####(###.##
#.###.#####.###.#
#....)##.o..(.@(#
#.###.##.##.##### #.#
#.##.##.# ..#
#.......# ####
#########


You could see an orc warrior.

Vanquished Creatures
  Eustachio (D:5)
  Edmund (D:5)
  A sky beast (D:5)
  A phantom (D:4)
  A bullfrog (D:6)
  A crimson imp (D:5)
  A bullfrog zombie (D:5)
  A hound (D:5)
  A bullfrog skeleton (D:4)
  3 orc priests
  A centaur skeleton (D:4)
  3 orc wizards
  A worker ant (D:5)
  Robin (D:4)
  10 adders
  3 shadow imps
  2 oozes
  An adder zombie (D:5)
  2 adder skeletons
  2 worms
  A dart slug (D:1)
  3 leopard geckos
  20 orcs
  A ball python (D:1)
  7 bats
  2 giant cockroaches
  20 goblins
  8 hobgoblins
  8 jackals
  4 quokkas
  4 frilled lizards
  5 kobolds
  7 rats
128 creatures vanquished.

Notes
Turn   | Place    | Note
-------+----------+-------------------------------------------
     0 | D:1      | sking99 the Troll Monk began the quest for the Orb.
     0 | D:1      | Reached XP level 1. HP: 22/22 MP: 0/0
    70 | D:1      | Reached XP level 2. HP: 27/29 MP: 1/1
   171 | D:1      | Reached skill level 4 in Unarmed Combat
   280 | D:1      | Reached XP level 3. HP: 36/36 MP: 2/2
  1197 | D:3      | Reached XP level 4. HP: 38/44 MP: 3/3
  1202 | D:3      | Reached skill level 5 in Unarmed Combat
  1519 | D:3      | Reached XP level 5. HP: 43/50 MP: 4/4
  1575 | D:3      | Reached skill level 6 in Unarmed Combat
  2071 | D:4      | Noticed Robin
  2077 | D:4      | Killed Robin
  2136 | D:4      | Reached XP level 6. HP: 49/59 MP: 5/5
  2146 | D:4      | Found a blossoming altar of Fedhas.
  2194 | D:4      | Found Sytuoval's Assorted Antiques.
  2198 | D:4      | Reached skill level 7 in Unarmed Combat
  2199 | D:4      | Found a hazy altar of Hepliaklqana.
  2203 | D:4      | Found a staircase to the Ecumenical Temple.
  2241 | Temple   | Entered the Ecumenical Temple
  2515 | D:4      | HP: 1/59 [phantom (8)]
  2967 | D:5      | Entered Level 5 of the Dungeon
  2995 | D:5      | Found Ofopp's Jewellery Boutique.
  3001 | D:5      | Reached skill level 8 in Unarmed Combat
  3005 | D:5      | Reached XP level 7. HP: 66/66 MP: 6/6
  3255 | D:5      | Found a shadowy altar of Dithmenos.
  3256 | D:5      | Noticed Eustachio
  3274 | D:5      | Killed Eustachio
  3492 | D:5      | Reached skill level 9 in Unarmed Combat
  3500 | D:5      | Noticed Edmund
  3512 | D:5      | Killed Edmund
  3918 | D:5      | Reached XP level 8. HP: 66/74 MP: 7/7
  4033 | D:5      | Found a burning altar of Makhleb.
  4131 | D:6      | Reached skill level 10 in Unarmed Combat
  4165 | D:6      | HP: 1/74 [orc warrior/tomahawk (7)]
  4198 | D:6      | Hit by a tomahawk thrown by an orc warrior

Skill      XL: |  1  2  3  4  5  6  7  8 |
---------------+-------------------------+-----
Unarmed Combat | 4 5 6 8 9 10 | 10.1
Fighting       | |  2.4
Dodging        | |  2.4
Stealth        | |  1.0

Action                   |  1- 3 |  4- 6 |  7- 9 || total
-------------------------+-------+-------+-------++-------
Melee: Unarmed           |    86 |   192 |    88 ||   366
       Punch             |     1 |     1 |     5 ||     7
  Use: Scroll            |       |       |     7 ||     7
 Stab: Sleeping          |     1 |     2 |       ||     3
  Eat: Chunk             |    16 |    16 |     9 ||    41
Armor: Robe              |    40 |    39 |    18 ||    97
Dodge: Dodged            |    48 |    75 |    49 ||   172
